Description

hi

Build Order

Get SALT Encoding   

  12  0:00  SCV  
  14  0:19  Supply Depot  
  16  0:42  Barracks  reaper and then reactor
  16  0:46  Refinery  immeadieatly after Barracks
  19  1:30  Reaper, Orbital Command  
  20  1:45  Command Center  
  20  1:55  Barracks  
  21  2:00  Barracks Reactor  
  22  2:12  Supply Depot  to wall off 1st ramp
  22  2:20  Refinery  
  23  2:30  Factory  
  26  2:50  Barracks Tech Lab  
  31  3:10  Stimpack  
  34  3:30  Starport  
  34  3:31  Factory Reactor  
  37  3:46  Supply Depot  2nd Base Wall off
  1  4:10  Action  switch factory and starport
  1  4:15  Medivac x2  
  1  4:37  Engineering Bay x2  
  1  4:50  Refinery x2  
  1  5:10  Action  Upgrades
  1  5:15  Combat Shield  
  1  5:40  Medivac x2  
  1  6:10  Command Center  3rd
Spawning Tool Build Advisor. Get it on Overwolf

Go to:

Details

  • Created by: JWizzly
  • Published on: May 31, 2019
  • Modified on: Jun 03, 2019
  • Patch: 4.7.1
Show
View Real Time Build Order
Export as new Build Order

Comments (0)

There are no comments. Be the first!

Create an account to comment!